 Dungeon Crawl Stone Soup version 0.21.1-1-g345015f (webtiles) character file.

12942 Solrac the Basher (level 12, -3/97 HPs)
             Began as a Formicid Fighter on Mar 17, 2018.
             Was a High Priest of the Shining One.
             Slain by a sixfirhy (12 damage)
             ... on level 2 of the Abyss.
             The game lasted 00:58:46 (14604 turns).

Solrac the Basher (Formicid Fighter)               Turns: 14604, Time: 00:58:47

Health: -3/97      AC: 25    Str: 21    XL:     12   Next: 26%
Magic:  12/12      EV:  9    Int:  9    God:    the Shining One [*****.]
Gold:   518        SH: 12    Dex: 14    Spells: 11/11 levels left

rFire    . . .     SeeInvis +   y - +1 dire flail (protect)
rCold    . . .     Gourm    .   c - +0 shield
rNeg     + + .     Faith    .   J - +0 plate armour
rPois    .         Spirit   .   (helmet unavailable)
rElec    .         Reflect  .   A - +0 cloak
rCorr    .         Harm     .   v - +0 pair of gloves
MR       +....                  i - +0 pair of boots
Stlth    ..........             (no amulet)
HPRegen  0.26/turn              l - +3 ring of protection
MPRegen  0.13/turn              w - +3 ring of protection

@: glowing
A: permanent stasis, dig shafts and tunnels, four strong arms, antennae 3
a: Dig, Shaft Self, Divine Shield, Cleansing Flame, Summon Divine Warrior,
Renounce Religion


You were on level 2 of the Abyss.
You worshipped the Shining One.
The Shining One was extremely pleased with you.
You were not hungry.

You visited 3 branches of the dungeon, and saw 15 of its levels.
You visited the Abyss 1 time.

You collected 518 gold pieces.

Inventory:

Hand Weapons
 y - a +1 dire flail of protection (weapon)
Missiles
 e - 340 stones (quivered)
 q - 5 poisoned tomahawks
 r - 2 throwing nets
 B - 9 steel tomahawks
 I - 3 exploding tomahawks
 K - 20 tomahawks
Armour
 c - a +0 shield (worn)
 i - a +0 pair of boots (worn)
 v - a +0 pair of gloves (worn)
 A - a +0 cloak (worn)
 J - a +0 plate armour (worn)
Jewellery
 l - a +3 ring of protection (left hand)
 w - a +3 ring of protection (right hand)
Wands
 a - a wand of paralysis (5)
 s - a wand of iceblast (8)
 F - a wand of acid (8)
 H - a wand of flame (66)
 M - a wand of polymorph (9)
 Q - a wand of scattershot (6)
Scrolls
 b - a scroll of fear {unknown}
 g - 5 scrolls of enchant weapon
 h - 7 scrolls of remove curse
 k - a scroll of fog
 n - 2 scrolls of enchant armour
 o - 2 scrolls of magic mapping
 z - a scroll of vulnerability {unknown}
 D - 3 scrolls of amnesia
Potions
 d - 3 potions of might
 j - 7 potions of curing
 m - a potion of ambrosia {unknown}
 p - a potion of agility
 t - a potion of cancellation {unknown}
 x - a potion of heal wounds {unknown}
 C - a potion of mutation {unknown}
 E - a potion of invisibility {unknown}
 N - a potion of lignification {unknown}
 P - a potion of flight {unknown}
Books
 u - a book of Callings

   Spells                             Type                      Level
   a - Summon Small Mammal            Summoning                    1
   b - Call Imp                       Summoning                    2
   c - Call Canine Familiar           Summoning                    3
   d - Summon Guardian Golem          Hexes/Summoning              3
   e - Summon Lightning Spire         Summoning/Air                4
   f - Summon Ice Beast               Ice/Summoning                4
 G - a book of Minor Magic

   Spells                             Type                      Level
   a - Magic Dart                     Conjuration                  1
   b - Blink                          Translocation                2
   c - Call Imp                       Summoning                    2
   d - Slow                           Hexes                        2
   e - Conjure Flame                  Conjuration/Fire             3
   f - Mephitic Cloud                 Conjuration/Poison/Air       3
Miscellaneous
 L - a box of beasts
 O - a phantom mirror
Comestibles
 f - 17 rations


   Skills:
 + Level 10.2 Fighting
 * Level 11.0 Maces & Flails
 + Level 10.2 Armour
 + Level 5.6 Dodging
 - Level 9.0 Shields


You had 11 spell levels left.
You didn't know any spells.

Dungeon Overview and Level Annotations

Branches:
Dungeon (13/15)            Temple (1/1) D:4            Lair (1/6) D:9
    Orc (0/2) D:11
 Vaults: D:13-14

Altars:
Ashenzari
Cheibriados
Dithmenos
Elyvilon
Fedhas
Gozag
Hepliaklqana
Kikubaaqudgha
Makhleb
Nemelex Xobeh
Okawaru
Qazlal
Ru
Sif Muna
Trog
Uskayaw
Vehumet
Wu Jian
Xom
Yredelemnul
Zin
The Shining One
Jiyva

Shops:
D:12 *

Annotations:
D:13 Nessos
Lair:1 Sonja


Innate Abilities, Weirdness & Mutations

You cannot be hasted, slowed, berserked, paralysed or teleported.
You can dig through walls and to a lower floor.
Your four strong arms can wield two-handed weapons with a shield.
You have a pair of large antennae on your head. (SInv)


Message History

An ufetubus comes into view.
The smoke demon roars!
The ufetubus shouts!
The thrashing horror roars!
You block the thrashing horror's attack.
The thrashing horror barely misses you. The thrashing horror tramples you.
* * * LOW HITPOINT WARNING * * *
You stumble backwards!
You block the thrashing horror's attack.
The thrashing horror tramples you.
* * * LOW HITPOINT WARNING * * *
You stumble backwards!
A tentacled starspawn comes into view.
The thrashing horror roars!
The thrashing horror tramples you but does no damage. x2
The small abomination closely misses you.
The thrashing horror roars!
The sixfirhy closely misses you. The sixfirhy hits you!
* * * LOW HITPOINT WARNING * * *
The sixfirhy shocks you!
You die...

.# .. #..# .#.# #
... #..##..#
#..##... ..### #
#.#.#..##.#...
...##..........#
...............#
#...#.@3...# ..
....#.5X...##..
....ยง.x#.....#
...X...{...##.#
#.X.##.{3..##.# #
##..##........# #
.......#{...#....
..#....x......#.
Z#..##..#...#.##


You could see a tentacled starspawn, a thrashing horror, a large abomination, a
sixfirhy, a small abomination and an ufetubus.

Vanquished Creatures
  2 two-headed ogres
  2 unseen horrors
  A cyclops (D:12)
  A manticore (D:12)
  A centaur skeleton (D:11)
  2 gargoyles (D:12)
  A troll (D:11)
  4 slime creatures (D:12)
  2 hippogriffs
  A human (D:8)
  The ghost of Spoonicorn the Sneak, an amateur SpAs of Trog (D:4)
  A wyvern (D:9)
  6 yaks
  4 hogs (D:8)
  2 hungry ghosts
  A water moccasin (D:13)
  5 orc warriors
  Duvessa (D:5)
  A hornet zombie (D:13)
  3 sky beasts
  3 ice beasts
  The ghost of AdmiralAndromeda the Chopper, an amateur HOFi (D:3)
  A black bear (D:11)
  2 centaurs
  7 ogres
  2 bullfrogs (D:12)
  2 big kobolds
  Dowan (D:5)
  2 scorpions
  A water moccasin skeleton (D:4)
  14 wights
  11 killer bees
  3 crimson imps
  2 bullfrog zombies
  A centaur zombie (D:5)
  3 jellies
  Crazy Yiuf (D:7)
  9 hounds
  5 orc priests
  A bullfrog skeleton (D:12)
  Jessica (D:2)
  6 iguanas
  8 orc wizards
  5 worker ants
  A killer bee zombie (D:9)
  A hound zombie (D:7)
  A hound skeleton (D:11)
  A mummy (D:6)
  2 howler monkey zombies
  A worker ant zombie (D:9)
  10 gnolls
  11 adders
  3 shadow imps
  3 oozes
  An adder skeleton (D:9)
  3 dart slugs
  8 leopard geckos
  66 orcs
  3 ball pythons
  11 bats
  5 giant cockroaches
  10 goblins
  14 hobgoblins
  14 jackals
  17 kobolds
  6 quokkas
  9 frilled lizards
  2 leopard gecko skeletons
  8 rats
345 creatures vanquished.

Notes
Turn   | Place    | Note
-------+----------+-------------------------------------------
     0 | D:1      | Solrac the Formicid Fighter began the quest for the Orb.
     0 | D:1      | Reached XP level 1. HP: 18/18 MP: 1/1
    20 | D:1      | Reached XP level 2. HP: 6/24 MP: 2/2
   518 | D:1      | Reached XP level 3. HP: 29/29 MP: 3/3
  1368 | D:2      | Reached XP level 4. HP: 29/37 MP: 4/4
  1600 | D:2      | Found a deep blue altar of Sif Muna.
  1802 | D:2      | Found a hide-covered altar of Uskayaw.
  2002 | D:2      | Noticed Jessica
  2005 | D:2      | Killed Jessica
  2005 | D:2      | Reached skill level 5 in Shields
  2005 | D:2      | Reached XP level 5. HP: 42/42 MP: 5/5
  2522 | D:3      | Reached skill level 3 in Maces & Flails
  2594 | D:3      | Reached XP level 6. HP: 24/48 MP: 6/6
  2806 | D:3      | Noticed AdmiralAndromeda's ghost (amateur HOFi)
  2856 | D:3      | HP: 2/48 [AdmiralAndromeda's ghost (3)]
  3027 | D:3      | Killed AdmiralAndromeda's ghost
  3745 | D:3      | Found an ancient bone altar of Kikubaaqudgha.
  4104 | D:4      | Reached XP level 7. HP: 48/55 MP: 7/7
  4352 | D:4      | Found a bloodstained altar of Trog.
  4617 | D:4      | Found a staircase to the Ecumenical Temple.
  4629 | Temple   | Entered the Ecumenical Temple
  4848 | D:4      | Noticed Spoonicorn's ghost (amateur SpAs)
  4869 | D:4      | Killed Spoonicorn's ghost
  4869 | D:4      | Reached skill level 5 in Fighting
  4869 | D:4      | Reached skill level 4 in Maces & Flails
  4869 | D:4      | Reached skill level 5 in Armour
  4976 | D:4      | Found a bloodstained altar of Trog.
  5127 | D:5      | Entered Level 5 of the Dungeon
  5127 | D:5      | Noticed Duvessa
  5127 | D:5      | Noticed Dowan
  5389 | D:5      | Killed Duvessa
  5389 | D:5      | Reached XP level 8. HP: 55/62 MP: 8/8
  5402 | D:5      | Killed Dowan
  5596 | D:5      | Found a glowing golden altar of the Shining One.
  5599 | D:5      | Became a worshipper of the Shining One
  5783 | D:5      | Found a white marble altar of Elyvilon.
  5802 | D:5      | Found a sparkling altar of Nemelex Xobeh.
  6504 | D:6      | Found a sparkling altar of Nemelex Xobeh.
  6552 | D:6      | Found a blossoming altar of Fedhas.
  6552 | D:6      | Found an ornate altar of the Wu Jian Council.
  6706 | D:6      | Reached * piety under the Shining One
  6706 | D:6      | Reached skill level 5 in Maces & Flails
  6706 | D:6      | Reached XP level 9. HP: 48/69 MP: 9/9
  7277 | D:6      | HP: 2/71 [killer bee (4)]
  7807 | D:7      | Found a runed door.
  7811 | D:7      | Noticed Crazy Yiuf
  7815 | D:7      | Killed Crazy Yiuf
  7867 | D:7      | Reached skill level 6 in Maces & Flails
  7883 | D:7      | Reached ** piety under the Shining One
  8674 | D:8      | Found a deep blue altar of Sif Muna.
  8698 | D:8      | Reached XP level 10. HP: 16/80 MP: 10/10
  8996 | D:8      | Reached skill level 1 in Dodging
  9008 | D:8      | Reached skill level 7 in Maces & Flails
  9464 | D:8      | Noticed a two-headed ogre
  9466 | D:8      | Found a shadowy altar of Dithmenos.
  9815 | D:7      | Reached skill level 8 in Maces & Flails
  9834 | D:8      | Killed a two-headed ogre
 10311 | D:9      | Found a burning altar of Makhleb.
 10354 | D:9      | Found a staircase to the Lair.
 10449 | D:9      | Reached *** piety under the Shining One
 10460 | D:9      | Reached XP level 11. HP: 87/87 MP: 11/11
 10501 | D:9      | Noticed a two-headed ogre
 10508 | D:9      | Killed a two-headed ogre
 10508 | D:9      | Reached skill level 9 in Maces & Flails
 10779 | D:10     | Entered Level 10 of the Dungeon
 11732 | D:11     | Found a staircase to the Orcish Mines.
 11825 | D:11     | Noticed an unseen horror
 11856 | D:11     | Killed an unseen horror
 12102 | D:11     | Reached skill level 10 in Maces & Flails
 12305 | D:11     | Found a stormy altar of Qazlal.
 12470 | D:12     | Noticed a cyclops
 12474 | D:12     | Reached **** piety under the Shining One
 12505 | D:12     | Killed a cyclops
 12682 | D:12     | Reached skill level 5 in Dodging
 12709 | D:12     | Noticed an unseen horror
 12725 | D:12     | Killed an unseen horror
 12725 | D:12     | Reached XP level 12. HP: 92/97 MP: 12/12
 12731 | D:12     | Reached skill level 10 in Armour
 12758 | D:12     | Reached skill level 10 in Fighting
 12816 | D:12     | Found Fiogg's Blood Bar.
 14048 | D:13     | Reached skill level 11 in Maces & Flails
 14067 | D:13     | Noticed a skeletal warrior
 14071 | D:13     | Noticed Nessos
 14496 | Lair:1   | Entered Level 1 of the Lair of Beasts
 14496 | Lair:1   | Noticed Sonja
 14510 | Lair:1   | Cast into level 2 of the Abyss (Sonja)
 14510 | Abyss:2  | Found a corrupted altar of Lugonu.
 14565 | Abyss:2  | Noticed a thrashing horror
 14565 | Abyss:2  | Noticed a thrashing horror
 14568 | Abyss:2  | Found a corrupted altar of Lugonu.
 14601 | Abyss:2  | Noticed a sixfirhy
 14601 | Abyss:2  | Reached ***** piety under the Shining One
 14603 | Abyss:2  | Noticed a tentacled starspawn
 14604 | Abyss:2  | Slain by a sixfirhy

Skill      XL: |  1  2  3  4  5  6  7  8  9 10 11 12 |
---------------+-------------------------------------+-----
Shields        | 4 5 6 7 8 9 |  9.0
Fighting       | 4 5 6 7 8 9 10 | 10.2
Armour         | 4 5 6 7 8 9 10 | 10.2
Maces & Flails | 3 4 5 6 8 10 11 | 11.0
Dodging        | 3 5 |  5.6

Action                   |  1- 3 |  4- 6 |  7- 9 | 10-12 || total
-------------------------+-------+-------+-------+-------++-------
Melee: Flail             |   175 |   391 |   250 |       ||   816
       Dire flail        |       |       |   159 |   566 ||   725
Throw: Stone             |       |     3 |       |       ||     3
 Abil: Dig               |       |       |     2 |     3 ||     5
  Use: Scroll            |     5 |     4 |     3 |     1 ||    13
       Potion            |       |       |     2 |     1 ||     3
  Eat: Chunk             |     2 |     6 |     9 |    14 ||    31
       Ration            |       |     1 |     2 |     2 ||     5
Armor: Scale mail        |    82 |   227 |   206 |   101 ||   616
       Plate armour      |       |       |       |   196 ||   196
Dodge: Dodged            |    80 |   162 |   173 |   202 ||   617
Block: Shield            |   126 |   282 |   299 |   332 ||  1039
